Map: [ESL] Dynasty

Players

Stats

  • Race: Protoss Protoss
  • Spawn Location: 7:00

ByuN - Winner!

  • Race: Terran Terran
  • Spawn Location: 1:00

Event: ESL Spring 2024 Finals

VOD

Have the link to the VOD?

Description

Time

  • Played on: June 1, 2024, 1:39 p.m.
  • Length: 9:34

All games in this series

Show
View Real Time Build Order
Export as new Build Order

Stats Protoss 

Build Orders: 1 Gate Expand, Phoenix Opening, Colossus Rush 

Get SALT Encoding   

  12  0:00  Probe  
  13  0:12  Probe  
  14  0:17  Pylon  
  14  0:24  Probe (Chrono Boost)  
  15  0:36  Gateway, Probe (Chrono Boost)  
  16  0:44  Probe (Chrono Boost)  
  16  0:46  Assimilator  
  17  0:51  Probe  
  18  1:03  Probe  
  19  1:15  Probe  
  20  1:24  Cybernetics Core  
  20  1:31  Nexus  
  20  1:35  Probe  
  21  1:40  Pylon  
  21  1:45  Assimilator  
  21  1:48  Probe  
  22  1:58  Stalker (Chrono Boost)  
  22  2:00  Probe  
  25  2:12  Probe  
  26  2:24  Probe  
  26  2:26  Stargate  
  27  2:31  Adept  
  30  2:37  Probe (Chrono Boost)  
  30  2:40  Warp Gate  
  30  2:43  Probe (Chrono Boost)  
  31  2:49  Shield Battery  
  32  2:52  Probe (Chrono Boost)  
  32  2:53  Probe (Chrono Boost)  
  32  2:56  Probe (Chrono Boost)  
  32  2:58  Probe (Chrono Boost)  
  34  3:01  Adept  
  37  3:06  Probe  
  37  3:09  Phoenix (Chrono Boost), Probe  
  41  3:12  Pylon  
  41  3:18  Probe  
  42  3:21  Probe  
  43  3:27  Phoenix (Chrono Boost)  
  43  3:30  Probe  
  43  3:33  Probe  
  47  3:35  Assimilator  
  47  3:39  Assimilator  
  47  3:41  Robotics Facility  
  47  3:44  Probe  
  47  3:45  Probe  
  49  3:50  Pylon  
  49  3:59  Phoenix (Chrono Boost)  
  49  4:00  Probe x2  
  53  4:09  Pylon  
  53  4:12  Probe x2  
  55  4:19  Phoenix (Chrono Boost)  
  55  4:22  Gateway  
  55  4:23  Gateway  
  57  4:26  Probe x2  
  57  4:28  Observer  
  60  4:36  Pylon  
  60  4:39  Phoenix  
  60  4:44  Robotics Bay  
  66  5:01  Observer  
  66  5:05  Probe x2  
  64  5:15  Pylon  
  64  5:16  Adept  
  64  5:17  Nexus, Adept  
  64  5:18  Sentry  
  70  5:22  Pylon  
  70  5:24  Shield Battery  
  70  5:28  Colossus (Chrono Boost)  
  70  5:32  Probe x2  
  78  5:35  Extended Thermal Lance  
  78  5:44  Shield Battery, Pylon  
  78  5:48  Phoenix  
  80  5:51  Zealot x2  
  82  5:59  Probe  
  82  6:00  Probe  
  82  6:02  Shield Battery  
  82  6:03  Pylon  
  82  6:14  Colossus  
  82  6:18  Phoenix  
  86  6:21  Probe x2 (Chrono Boost)  
  88  6:29  Probe (Chrono Boost)  
  91  6:33  Probe x2 (Chrono Boost)  
  91  6:35  Sentry x2  
  91  6:36  Zealot  
  91  6:38  Probe (Chrono Boost)  
  98  6:40  Probe x2 (Chrono Boost)  
  98  6:43  Forge, Probe (Chrono Boost)  
  101  6:48  Probe x2  
  101  6:52  Twilight Council  
  103  6:56  Probe (Chrono Boost)  
  103  7:00  Probe (Chrono Boost)  
  106  7:04  Probe (Chrono Boost)  
  106  7:08  Observer, Probe (Chrono Boost)  
  107  7:11  Probe (Chrono Boost)  
  107  7:14  Probe (Chrono Boost), Protoss Ground Weapons Level 1 (Chrono Boost)  
  107  7:15  Probe (Chrono Boost)  
  111  7:16  Probe (Chrono Boost)  
  111  7:19  Nexus  
  111  7:20  Charge  
  111  7:22  Pylon  
  112  7:30  Gateway x2  
  112  7:32  Gateway  
  112  7:41  Disruptor (Chrono Boost)  
  116  7:44  Robotics Facility  
  116  7:48  Gateway  
  116  7:50  Gateway  
  116  7:54  Gateway  
  116  7:56  Gateway, Probe x3  
  119  8:08  Probe  
  119  8:09  Pylon, Probe x2  
  119  8:12  Disruptor (Chrono Boost), Pylon  
  122  8:16  Zealot x3  
  122  8:35  Zealot x3  
  122  8:41  Shield Battery  
  128  8:46  Disruptor (Chrono Boost)  
  136  8:55  Zealot x6  
  134  8:56  Zealot x2  
  136  9:06  Zealot x2  
  130  9:16  Zealot x6  
  130  9:17  Zealot x2  
Show
View Real Time Build Order
Export as new Build Order

ByuN Terran - Winner!

Build Orders: Cyclone Opening, Gas First Reaper Expand 

Get SALT Encoding   

  12  0:00  SCV  
  13  0:12  SCV  
  14  0:17  Supply Depot  
  14  0:24  SCV  
  14  0:28  Refinery  
  15  0:38  SCV  
  16  0:44  Barracks  
  16  0:50  SCV  
  17  1:03  SCV  
  18  1:15  SCV  
  19  1:31  Orbital Command, Reaper  
  20  1:42  Command Center  
  20  1:52  Factory  
  20  1:56  SCV  
  20  2:01  Refinery  
  21  2:05  Barracks Reactor  
  21  2:08  SCV  
  22  2:13  Supply Depot  
  22  2:20  SCV  
  23  2:35  SCV  
  23  2:37  Cyclone  
  26  2:42  Marine x2  
  28  2:44  Starport  
  28  2:47  SCV  
  29  2:55  Orbital Command  
  29  2:59  SCV  
  29  3:01  Marine x2  
  32  3:09  Factory Tech Lab  
  32  3:11  SCV  
  33  3:19  Marine x2  
  35  3:24  SCV x2  
  37  3:32  Refinery  
  37  3:33  Banshee, Factory Tech Lab  
  40  3:34  Cloaking Field  
  40  3:40  Supply Depot  
  40  3:41  SCV  
  40  3:42  SCV  
  40  3:44  Marine  
  40  3:45  Marine  
  44  3:53  SCV  
  44  3:54  SCV  
  46  4:00  Supply Depot  
  46  4:02  Siege Tank  
  49  4:03  Marine x2  
  49  4:06  SCV x2  
  53  4:18  SCV  
  53  4:21  Banshee  
  53  4:22  SCV, Barracks  
  53  4:23  Supply Depot  
  58  4:25  Marine  
  58  4:26  Marine  
  58  4:30  SCV  
  61  4:34  SCV  
  61  4:37  Supply Depot  
  62  4:45  SCV, Siege Tank  
  66  4:46  SCV, Barracks  
  66  4:51  Engineering Bay  
  67  4:57  SCV  
  67  4:58  SCV, Marine  
  67  4:59  Marine  
  70  5:09  SCV  
  70  5:13  SCV  
  69  5:16  Marine x2  
  69  5:18  Supply Depot  
  69  5:19  Terran Infantry Weapons Level 1, Missile Turret  
  69  5:20  Missile Turret  
  69  5:21  SCV  
  72  5:22  Factory Reactor  
  72  5:23  Marine  
  72  5:24  Stimpack  
  72  5:25  Starport Reactor  
  72  5:27  Missile Turret  
  73  5:28  SCV  
  73  5:33  SCV  
  73  5:34  Marine x2  
  77  5:41  Supply Depot  
  77  5:44  Command Center  
  77  5:47  SCV x2  
  74  6:01  Marine  
  74  6:02  Marine, Marauder x2  
  80  6:06  Barracks  
  80  6:07  Medivac  
  80  6:10  Medivac  
  80  6:11  Barracks  
  83  6:14  SCV x2  
  85  6:22  Supply Depot  
  86  6:25  Marauder  
  86  6:26  SCV x2, Marauder  
  86  6:30  Marine x2  
  86  6:32  Combat Shield  
  90  6:37  Factory Reactor  
  90  6:39  SCV  
  92  6:40  SCV, Missile Turret  
  92  6:48  Medivac x2  
  92  6:52  Marauder  
  92  6:53  Marine x2, Marauder  
  102  6:56  Marine  
  102  6:57  Marine  
  102  6:59  SCV x2  
  105  7:02  Orbital Command  
  105  7:04  Concussive Shells  
  105  7:07  Barracks Tech Lab  
  105  7:10  Supply Depot, Ghost Academy  
  105  7:11  SCV x2  
  105  7:13  Terran Infantry Armor Level 1  
  111  7:24  Marauder x2  
  111  7:26  Marine x4, Marauder  
  117  7:33  SCV x2  
  117  7:38  SCV  
  117  7:39  Refinery  
  117  7:40  Refinery  
  117  7:41  Supply Depot  
  117  7:42  Supply Depot  
  117  7:43  Engineering Bay, Armory  
  118  7:45  SCV  
  118  7:46  SCV, Marauder x2  
  118  7:50  SCV  
  125  7:53  Medivac x2  
  125  7:56  Marine x2  
  133  8:01  SCV  
  133  8:03  SCV x2, Marine x2  
  133  8:05  Supply Depot  
  137  8:08  Supply Depot  
  137  8:09  Ghost x2  
  139  8:13  SCV  
  139  8:15  SCV x2  
  139  8:16  Marine x3  
  145  8:23  Marine x2  
  147  8:34  Ghost  
  146  8:38  Marauder x2  
  152  8:47  Marine x2  
  156  8:48  Widow Mine  
  156  8:49  Command Center, Widow Mine  
  158  8:59  Marauder  
  158  9:00  Marauder  
  158  9:03  Marauder  
  158  9:05  Marine x2  
  164  9:10  Widow Mine  
  164  9:13  Widow Mine  
  164  9:14  Marine x2  
  165  9:29  Barracks  
  165  9:30  Barracks  
  158  9:31  Barracks  
Tags
 
Add a new tag
Caveats
  • Supply blocks, unpowered buildings, or Contaminate may cause inaccurate times.
  • Supply counts are checked every 10 seconds.